 Dungeon Crawl Stone Soup version 0.28-a0-1190-g77e1c55843 (webtiles) character file.

Game seed: 12426360893912924679

231 Mamutox the Magician (level 5, 0/24 HPs)
             Began as a Spriggan Hedge Wizard on Dec 18, 2021.
             Succumbed to a water moccasin's poison
             ... in a sewer.
             The game lasted 00:28:29 (4571 turns).

Mamutox the Magician (Spriggan Hedge Wizard)        Turns: 4571, Time: 00:28:30

Health: 0/24       AC:  3    Str:  6    XL:     5   Next: 73%
Magic:  12/15      EV: 18    Int: 17    God:
Gold:   158        SH:  5    Dex: 15    Spells: 9/17 levels left

rFire   . . .      SeeInvis +   a - +0 dagger
rCold   . . .      Faith    .   (shield restricted)
rNeg    . . .      Spirit   .   b - +0 robe
rPois   .          Reflect  +   c - +0 hat
rElec   .          Harm     .   n - +0 cloak
rCorr   .          Rampage  .   (gloves unavailable)
Will    .....                   (boots unavailable)
Stlth   ++........              q - amulet of reflection
HPRegen 0.08/turn               (no ring)
MPRegen 0.14/turn               (no ring)

@: lethally poisoned (0 -> -1), slow
A: very small, no large weapons, unfitting armour, see invisible, speed 3
a: no special abilities


You were in a sewer.
You visited 1 branch of the dungeon, and saw 4 of its levels.
You also visited: Sewer.

You collected 158 gold pieces.

Inventory:

Hand Weapons
 a - a +0 dagger (weapon)
 m - a +4 quarterstaff of chaos
 r - a +0 hand crossbow
 t - a +0 whip of electrocution
Missiles
 d - 69 arrows
 e - 77 stones
 i - 6 boomerangs
 s - 13 bolts
Armour
 b - a +0 robe (worn)
 c - a +0 hat (worn)
 n - a +0 cloak (worn)
Jewellery
 q - an amulet of reflection (around neck)
Wands
 o - a wand of flame (16)
Scrolls
 g - 2 scrolls of teleportation {unknown}
 j - 2 scrolls of magic mapping {unknown}
 k - a scroll of fear {unknown}
 p - a scroll of identify {unknown}
Potions
 f - a potion of attraction {unknown}
 h - a potion of heal wounds {unknown}
 l - 3 potions of curing {unknown}
 u - a potion of invisibility {unknown}
 v - a potion of magic {unknown}


   Skills:
 - Level 1.0 Short Blades
 + Level 3.7 Dodging
 - Level 4.5 Stealth
 - Level 6.7 Spellcasting
 - Level 0.6 Conjurations
 - Level 0.7 Summonings
 - Level 1.5 Translocations
 - Level 1.0 Fire Magic


You had 9 spell levels left.
You knew the following spells:

 Your Spells              Type           Power      Damage    Failure   Level
a - Magic Dart            Conj           28%        1d4       10%         1
b - Call Imp              Summ           8%         N/A       14%         2
c - Blink                 Tloc           20%        N/A       10%         2
d - Conjure Flame         Conj/Fire      8%         6-21      26%         3

Your spell library contained the following spells:

 Spells                   Type           Power      Damage    Failure   Level
 Slow                     Hex            20%        N/A       12%         1
 Gell's Gravitas          Tloc           10%        N/A       19%         3
 Teleport Other           Tloc           10%        N/A       19%         3
 Mephitic Cloud           Conj/Pois/Air  6%         N/A       32%         3
 Dispersal                Tloc           5%         N/A       100%        6


Dungeon Overview and Level Annotations

Branches:
Dungeon (4/15)              Sewer (1/1)
 Temple: D:4-7

Altars:
Ru
Wu Jian

Annotations:
D:3 Sigmund


Innate Abilities, Weirdness & Mutations

You are very small and have problems with some larger weapons.
You are too small for most types of armour.
You have supernaturally acute eyesight. (SInv)
You cover ground extremely quickly. (Speed+++)


Message History

Found a leather armour and 5 curare-tipped darts.
Your crimson imp blinks!
You swap places.
The water moccasin misses you.
Your magical contamination has completely faded away.
The water moccasin misses you.
Casting: Call Imp (safe; 14% risk of failure)
Confirm with . or Enter, or press ? or * to list all spells.
A beastly little devil appears in a puff of flame.
The water moccasin misses you.
You hit the water moccasin but do no damage.
The water moccasin bites you!
Your crimson imp closely misses the water moccasin.
You enter the shallow water.
Moving in this stuff is going to be slow.
The water moccasin completely misses you.
The water moccasin bites you!
You are lethally poisoned!
The water moccasin poisons you!
You feel sick.
* * * LOW HITPOINT WARNING * * *
You feel sick.
* * * LOW HITPOINT WARNING * * *
You feel sick.
* * * LOW HITPOINT WARNING * * *
You feel sick.
* * * LOW HITPOINT WARNING * * *
You feel sick.
The water moccasin completely misses you.
* * * LOW HITPOINT WARNING * * *
You feel sick.
* * * LOW HITPOINT WARNING * * *
You feel sick.
* * * LOW HITPOINT WARNING * * *
You feel sick.
* * * LOW HITPOINT WARNING * * *
You feel sick.
You enter the shallow water.
Moving in this stuff is going to be slow.
You die...

#..# #≈.# #..#
#≈.# #≈.## ##..#
#..≈# #≈..#
##..###..##
#.≈.#S≈.#
##...≈≈##
#.....# ##@≈≈##
#...# ##.## #≈#
####.####
####....≈..#####
#≈≈÷≈≈≈≈≈≈≈≈≈≈≈#
####.))÷...#####
###..#..#######


You could see a water moccasin.

Vanquished Creatures
  A hound skeleton (D:4)
  An adder (D:2)
  A worm (D:2)
  A ball python (D:1)
  2 endoplasms (D:1)
  A giant cockroach (D:3)
  7 goblins
  2 hobgoblins (D:1)
  4 jackals (D:1)
  2 quokkas
  5 bats
  A frilled lizard (D:1)
  6 kobolds
  5 rats (D:1)
39 creatures vanquished.

Vanquished Creatures (collateral kills)
  A sky beast (D:3)
  Crazy Yiuf (D:2)
  2 adders
  A worm (D:3)
  An orc (D:3)
  4 giant cockroaches
  A goblin (D:3)
  2 hobgoblins
  2 jackals (Sewer)
  3 quokkas (D:4)
  4 kobolds
  A rat (D:3)
23 creatures vanquished.

Grand Total: 62 creatures vanquished

Notes
Turn   | Place    | Note
-------+----------+-------------------------------------------
     0 | D:1      | Mamutox the Spriggan Hedge Wizard began the quest for the
                  | Orb.
     0 | D:1      | Reached XP level 1. HP: 9/9 MP: 6/6
    55 | D:1      | Found a faded altar of an unknown god.
   333 | D:1      | Reached XP level 2. HP: 13/13 MP: 6/8
  1502 | D:1      | Reached XP level 3. HP: 14/16 MP: 5/9
  1738 | D:1      | Learned a level 2 spell: Call Imp
  2398 | D:2      | Reached skill level 1 in Short Blades
  2596 | D:2      | Found a runed translucent door.
  2597 | D:2      | Noticed Crazy Yiuf
  2687 | D:2      | Killed Crazy Yiuf
  2688 | D:2      | Reached skill level 5 in Spellcasting
  2688 | D:2      | Reached XP level 4. HP: 12/21 MP: 7/12
  2938 | D:3      | Noticed a sky beast
  3091 | D:3      | Killed a sky beast
  3092 | D:3      | Reached skill level 6 in Spellcasting
  3092 | D:3      | Reached XP level 5. HP: 24/24 MP: 5/15
  3292 | D:3      | Learned a level 2 spell: Blink
  3296 | D:3      | Learned a level 3 spell: Conjure Flame
  3602 | D:3      | Noticed Sigmund
  3902 | D:4      | Found a sacrificial altar of Ru.
  3913 | D:4      | Found an ornate altar of the Wu Jian Council.
  3918 | D:4      | Reached skill level 1 in Fire Magic
  4025 | D:4      | Found a glowing drain.
  4134 | Sewer    | Entered a sewer
  4167 | Sewer    | HP: 1/24 [kobold/bolt (9)]
  4505 | Sewer    | Noticed a water moccasin
  4569 | Sewer    | HP: 1/24 [poisoned by a water moccasin]
  4571 | Sewer    | Succumbed to a water moccasin's poison

Illustrated notes

Levels and vault maps discovered:
D:1:      scummos_arrival_hexagon, layout_basic,
          hellmonk_ecumenical_altar_run_dry
D:2:      layout_rooms, uniq_crazy_yiuf_cottage
D:3:      layout_basic, uniq_sigmund
D:4:      layout_cave_pods, mainiacjoe_overflow_big_doors, portal_sewer_entry_f,
          minmay_bisected
Sewer:    sewer_the_moccasin

Skill      XL: |  1  2  3  4  5 |
---------------+----------------+-----
Dodging        | 3 |  3.7
Stealth        | 4 |  4.5
Short Blades   | 1 |  1.0
Spellcasting   | 5 6 |  6.7
Fire Magic     | 1 |  1.0
Conjurations   | |  0.6
Summonings     | |  0.7
Translocations | |  1.5

Action                   |  1- 3 |  4- 6 || total
-------------------------+-------+-------++-------
Melee: Dagger            |    19 |    66 ||    85
 Cast: Magic Dart        |    77 |    33 ||   110
       Call Imp          |     9 |    21 ||    30
       Blink             |       |     1 ||     1
 Stab: Sleeping          |     5 |     3 ||     8
Armor: Robe              |     5 |     7 ||    12
Dodge: Dodged            |    46 |    74 ||   120
Block: Other             |       |    13 ||    13

Table legend: (Time is in decaauts)
 A = Elapsed time spent in this place.
 B = Non-inter-level travel time spent in this place.
 C = Inter-level travel time spent in this place.
 D = Time resting spent in this place.
 E = Time spent auto-exploring this place.
 F = Levels seen in this place.
 G = Mean time per level.
                   A        B        C        D        E       F      G
               +--------+--------+--------+--------+--------+-----+--------+
         Total |   3520 |   3498 |     22 |   1226 |    825 |   5 |  704.0 |
       Dungeon |   3124 |   3102 |     22 |    944 |    804 |   4 |  781.0 |
         Sewer |    395 |    395 |      0 |    282 |     21 |   1 |  395.0 |
               +--------+--------+--------+--------+--------+-----+--------+

Top non-repeatable levels by time:
     D:1: 1427 daAuts
     D:2: 827 daAuts
     D:3: 670 daAuts
   Sewer: 395 daAuts
     D:4: 198 daAuts
